Map: Garden of Shadows

Players

Berzerker

  • Race: Terran Terran
  • League: Gold
  • Spawn Location: 11:00

Balika

  • Race: Terran Terran
  • League: Silver
  • Spawn Location: 11:00

Böckli

  • Race: Terran Terran
  • League: Diamond
  • Spawn Location: 7:00

Twister

  • Race: Terran Terran
  • League: Silver
  • Spawn Location: 7:00

Loken - Winner!

  • Race: Protoss Protoss
  • League: Platinum
  • Spawn Location: 1:00

Rugi - Winner!

  • Race: Terran Terran
  • League: Master
  • Spawn Location: 1:00

Myran - Winner!

  • Race: Protoss Protoss
  • Spawn Location: 5:00

dallaskuken - Winner!

  • Race: Protoss Protoss
  • League: Platinum
  • Spawn Location: 5:00

VOD

Have the link to the VOD?

Description

Time

  • Played on: March 30, 2017, 4:24 p.m.
  • Length: 11:33
Show
View Real Time Build Order
Export as new Build Order

Berzerker Terran 

Build Orders:  

Get SALT Encoding   

  12  0:01  SCV  
  13  0:16  SCV  
  13  0:20  Supply Depot  
  14  0:28  SCV  
  15  0:42  SCV  
  16  0:47  Barracks  
  16  0:54  SCV  
  17  1:07  Barracks  
  17  1:08  SCV  
  18  1:21  SCV  
  19  1:39  Orbital Command  
  19  1:50  Refinery, Command Center  
  19  1:51  Marine  
  20  2:04  Refinery  
  20  2:07  SCV  
  21  2:09  Marine  
  22  2:18  Marine  
  23  2:25  Supply Depot  
  23  2:31  Supply Depot  
  23  2:47  SCV  
  26  2:59  SCV  
  25  3:09  Barracks Reactor  
  25  3:12  Barracks Reactor  
  22  3:28  SCV x2  
  24  3:40  SCV x2  
  26  3:41  Barracks  
  26  3:51  Factory  
  26  3:52  Factory  
  26  3:53  Factory  
  26  3:56  Marine x4  
  29  4:13  Marine  
  29  4:14  Marine x3  
  23  4:31  Marine x2  
  23  4:32  Marine x2  
  26  4:49  Marine x2  
  27  5:27  SCV  
  29  5:30  Orbital Command  
  28  5:39  SCV  
  29  5:49  Marine x2  
  30  5:50  Marine x2  
  30  5:51  SCV  
  34  6:05  SCV x2  
  34  6:07  Marine x3  
  34  6:08  Marine  
  40  6:17  SCV  
  40  6:18  SCV  
  42  6:19  Cyclone x2  
  42  6:25  Cyclone  
  51  6:29  Marine  
  51  6:30  Marine x2  
  54  6:51  Supply Depot  
  54  6:55  Supply Depot  
  54  7:12  SCV x2, Marine x4  
  54  7:13  Supply Depot  
  60  7:18  Supply Depot  
  60  7:24  SCV x2  
  61  7:30  Marine x4  
  61  7:36  SCV  
  65  7:47  Marine x2  
  48  8:55  SCV  
  49  9:07  SCV  
  50  9:19  SCV  
  51  9:30  Cyclone x3  
  60  9:31  SCV  
Show
View Real Time Build Order
Export as new Build Order

Balika Terran 

Build Orders:  

Get SALT Encoding   

  12  0:01  SCV  
  13  0:13  SCV  
  14  0:22  Supply Depot  
  14  0:25  SCV  
  15  0:43  SCV  
  15  0:44  Barracks  
  16  0:51  Refinery  
  16  0:55  SCV  
  17  1:08  SCV  
  18  1:20  SCV  
  19  1:44  Barracks Reactor  
  20  1:49  Orbital Command  
  19  2:03  Barracks  
  19  2:04  Command Center  
  19  2:25  SCV  
  20  2:32  Supply Depot  
  20  2:39  Engineering Bay  
  20  2:40  SCV  
  20  2:42  Marine x2  
  21  2:52  SCV  
  19  2:59  Marine  
  19  3:00  Marine  
  19  3:17  Marine  
  19  3:18  Marine, Barracks Tech Lab  
  2  4:15  SCV  
  3  4:27  SCV  
  4  4:55  SCV  
  4  5:06  Marine  
  5  5:07  SCV  
  6  5:19  SCV  
  7  5:44  SCV  
  8  5:56  SCV, Marine x3  
  12  6:06  Orbital Command  
  12  6:08  SCV  
  13  6:13  Marine  
  13  6:14  Marine x2  
  16  6:20  SCV  
  17  6:32  SCV x2  
  19  6:38  Marine x2  
  21  6:43  Combat Shields  
  21  6:44  SCV x2  
  23  6:48  Terran Infantry Weapons Level 1  
  23  6:56  SCV  
  23  6:57  SCV  
  25  7:04  Marine x3  
  25  7:08  SCV  
  29  7:10  SCV  
  30  7:22  Marine  
  30  7:32  SCV  
  30  7:33  Marine x2  
  33  7:39  Marine  
  33  7:44  SCV  
  34  7:55  Marine  
  34  7:56  SCV  
  11  8:07  Marine x2  
  7  8:13  Marine  
  8  8:24  SCV  
  8  8:25  Marine x2  
  11  8:31  Marine  
  12  8:36  SCV  
  13  8:43  Marine x2  
  13  8:48  SCV, Marine  
  14  9:32  Marine x2  
  16  9:41  SCV  
  17  10:12  SCV  
  18  10:25  SCV  
  19  10:37  SCV  
  20  10:49  SCV  
Show
View Real Time Build Order
Export as new Build Order

Böckli Terran 

Build Orders: MMM Bio 

Get SALT Encoding   

  12  0:01  SCV  
  13  0:13  SCV  
  14  0:20  Supply Depot  
  14  0:26  SCV  
  15  0:31  Refinery  
  15  0:44  Barracks  
  15  0:47  SCV  
  16  0:59  SCV  
  17  1:11  SCV  
  18  1:23  SCV  
  19  1:35  SCV  
  20  1:46  Reaper  
  21  1:49  Orbital Command  
  20  2:05  Barracks, Command Center  
  20  2:21  SCV  
  21  2:24  Barracks Reactor  
  21  2:29  Factory  
  21  2:33  Refinery, SCV  
  22  2:47  SCV  
  23  2:59  Barracks Tech Lab  
  23  3:03  Marine  
  23  3:10  Supply Depot  
  23  3:16  Widow Mine  
  23  3:17  SCV, Marine  
  23  3:18  Stimpack  
  27  3:20  Marine x2  
  29  3:29  SCV  
  29  3:31  Starport  
  30  3:34  Marine  
  30  3:38  Marine x2  
  33  3:41  SCV  
  34  3:52  Marine  
  35  3:55  Marine  
  35  3:56  Marine  
  35  4:00  Cyclone  
  40  4:03  Orbital Command  
  40  4:10  Starport Reactor  
  40  4:12  Marine  
  40  4:13  Marine  
  40  4:14  Marine  
  43  4:30  SCV x2, Marine  
  46  4:34  Supply Depot  
  46  4:41  Marine x2  
  46  4:42  SCV  
  49  4:48  Marine  
  49  4:51  Medivac x2  
  54  4:59  Marine x2  
  56  5:01  Widow Mine  
  56  5:06  SCV x2, Marine  
  61  5:17  Marine  
  62  5:45  Engineering Bay  
  62  5:47  Armory, Supply Depot  
  62  5:49  Engineering Bay  
  62  5:52  Marine  
  62  5:54  Marine  
  62  6:08  SCV x2, Marine  
  62  6:10  Marine  
  66  6:12  Marine  
  60  6:20  SCV x2  
  55  6:26  Marine  
  55  6:28  Marine  
  55  6:30  Marine  
  56  6:32  SCV  
  56  6:34  Factory Tech Lab  
  56  6:36  Terran Infantry Armor Level 1, Terran Infantry Weapons Level 1  
  56  6:37  Terran Ship Weapons Level 1  
  56  6:39  SCV  
  57  6:44  Marine  
  57  6:45  SCV  
  57  6:46  Marine, Medivac  
  62  6:48  Marine  
  62  6:51  SCV  
  64  6:56  Barracks  
  64  6:57  SCV  
  64  6:58  Refinery, Barracks  
  64  7:00  Barracks  
  65  7:01  Marine  
  65  7:03  SCV, Marine  
  65  7:04  Medivac  
  70  7:48  Supply Depot x2  
  70  7:49  Supply Depot  
  70  7:50  Supply Depot x2  
  70  7:52  Supply Depot  
  70  7:54  SCV, Marine  
  70  7:57  Marine  
  70  8:02  Barracks Reactor x2  
  70  8:03  Barracks Tech Lab  
  70  8:10  SCV, Marine, Siege Tank  
  70  8:11  Marine  
  74  8:14  Marine  
  73  8:24  Refinery  
  73  8:27  Marine  
  73  8:28  Marauder  
  73  8:29  Marine  
  73  8:31  Factory  
  73  8:32  Marine  
  78  8:34  Factory  
  78  8:40  Viking  
  78  8:41  Viking  
  82  8:45  Marine  
  82  8:47  Marine  
  77  8:49  Marine  
  77  8:50  Marine  
  74  8:58  Marine x4  
  78  9:03  Marine  
  78  9:05  Marine  
  78  9:07  Marine  
  78  9:08  Marine  
  78  9:09  Combat Shields  
  82  9:15  Marine  
  82  9:16  Marine x3  
  86  9:20  Marine  
  86  9:23  Marine  
  88  9:24  Marine  
  88  9:26  Marine  
  90  9:33  Marine x2  
  90  9:34  Marine x2  
  90  9:36  Factory Reactor x2  
  94  9:38  Marine  
  94  9:40  SCV, Marine  
  94  9:42  Marine  
  94  9:44  Marine  
  99  9:47  Medivac x2  
  99  9:51  Marine x3  
  99  9:52  Marine  
  107  9:56  Marine  
  107  9:58  Marine  
  109  10:00  Marine  
  109  10:01  Marine  
  111  10:11  Marine x4  
  110  10:14  Marine  
  110  10:16  Marine  
  110  10:18  Marine  
  110  10:19  Marine  
  106  10:27  SCV x2  
  96  10:29  Widow Mine x3  
  102  10:39  SCV  
Show
View Real Time Build Order
Export as new Build Order

Twister Terran 

Build Orders: MMM Bio 

Get SALT Encoding   

  12  0:02  SCV  
  13  0:14  SCV  
  14  0:23  Supply Depot  
  14  0:26  SCV  
  15  0:30  Refinery  
  15  0:44  SCV  
  15  0:47  Barracks  
  16  0:56  SCV  
  17  1:09  SCV  
  18  1:17  Barracks  
  18  1:21  SCV  
  19  1:33  SCV  
  20  1:42  Barracks Tech Lab  
  20  1:45  SCV  
  21  1:49  Refinery  
  21  1:52  Engineering Bay  
  21  1:57  SCV, Supply Depot  
  22  2:01  Combat Shields  
  22  2:04  Marine  
  22  2:08  Barracks Reactor  
  23  2:22  Orbital Command, Marine  
  24  2:32  Missile Turret  
  24  2:40  Marine  
  25  2:46  Factory  
  25  2:47  Marine  
  26  2:57  Bunker  
  26  2:58  SCV  
  27  3:01  Marine  
  27  3:04  Marine  
  29  3:18  Marine  
  29  3:19  Marine  
  31  3:21  Stimpack  
  31  3:36  Starport  
  31  4:15  Starport Reactor  
  31  4:22  Barracks  
  31  4:29  Supply Depot  
  31  4:31  Supply Depot  
  31  4:33  Command Center  
  31  4:47  Supply Depot  
  31  4:48  Supply Depot  
  31  4:50  Marine x3  
  31  4:51  SCV, Factory Tech Lab  
  35  5:03  SCV  
  35  5:04  Medivac  
  35  5:05  Medivac  
  40  5:08  Marine x3  
  40  5:13  Barracks Reactor  
  43  5:15  SCV  
  44  5:21  Starport  
  44  5:26  Marine x3  
  44  5:27  SCV  
  48  5:39  SCV  
  49  5:44  Marine  
  49  5:48  Planetary Fortress  
  50  5:53  Missile Turret  
  50  6:01  Marine x4  
  50  6:02  Marine  
  55  6:13  Barracks  
  55  6:14  Medivac  
  55  6:17  SCV  
  58  6:18  Marine  
  58  6:19  Marine  
  60  6:33  SCV x2  
  62  6:45  SCV x2  
  64  6:54  Starport Reactor  
  64  6:57  SCV x2  
  66  7:03  Barracks, Marine x4  
  66  7:04  Marine  
  71  7:09  SCV  
  71  7:10  SCV  
  73  7:24  Command Center  
  73  7:25  Marine  
  73  7:26  Marine x4  
  78  7:34  Infernal Pre-Igniter  
  78  7:40  Barracks Reactor  
  78  7:50  Supply Depot  
  78  7:55  Supply Depot  
  78  8:12  Marine x5  
  78  8:25  Marine  
  79  8:29  Marine x3  
  79  8:30  Marine x2  
  84  8:43  Marine  
  84  8:47  Marine x5  
  90  9:01  Marine  
  91  9:05  Marine x5  
  96  9:18  Marine  
  96  9:23  Marine x5  
  70  9:36  Marine  
  71  9:40  Barracks  
  71  9:41  Marine x5  
  71  9:42  Barracks  
  71  9:43  Refinery, Barracks  
  71  9:44  Refinery  
  71  9:45  Planetary Fortress  
  76  9:48  SCV x2  
  78  9:54  Marine  
  78  9:55  Missile Turret  
  79  10:00  SCV x2  
  79  10:02  Medivac  
  83  10:12  Supply Depot  
  83  10:14  Supply Depot  
  83  10:21  Supply Depot  
  83  10:55  Barracks Reactor  
Show
View Real Time Build Order
Export as new Build Order

Loken Protoss - Winner!

Build Orders:  

Get SALT Encoding   

  12  0:02  Probe (Chrono Boost)  
  13  0:12  Probe (Chrono Boost)  
  14  0:20  Pylon  
  14  0:23  Probe (Chrono Boost)  
  15  0:38  Probe (Chrono Boost)  
  16  0:43  Gateway  
  16  0:49  Probe (Chrono Boost)  
  17  0:51  Assimilator  
  17  0:55  Assimilator  
  17  0:59  Probe (Chrono Boost)  
  18  1:10  Probe (Chrono Boost)  
  19  1:20  Pylon, Probe (Chrono Boost)  
  20  1:32  Cybernetics Core  
  20  1:39  Pylon, Probe (Chrono Boost)  
  21  1:50  Probe (Chrono Boost)  
  22  2:00  Probe (Chrono Boost)  
  23  2:06  Stalker  
  23  2:13  Warp Gate, Probe (Chrono Boost)  
  26  2:23  Probe (Chrono Boost)  
  27  2:34  Mothership Core (Chrono Boost)  
  27  2:36  Stalker  
  31  2:49  Nexus  
  31  2:53  Pylon  
  31  2:57  Pylon  
  31  3:01  Probe (Chrono Boost)  
  32  3:06  Stalker  
  32  3:12  Probe (Chrono Boost)  
  35  3:34  Pylon  
  35  3:42  Probe (Chrono Boost)  
  36  3:53  Gateway, Probe (Chrono Boost)  
  36  3:54  Gateway  
  37  3:56  Gateway  
  37  4:01  Gateway  
  37  4:04  Probe (Chrono Boost)  
  37  4:05  Probe (Chrono Boost)  
  39  4:14  Probe (Chrono Boost)  
  39  4:16  Probe (Chrono Boost)  
  41  4:24  Twilight Council  
  41  4:25  Probe (Chrono Boost)  
  42  4:38  Gateway  
  42  4:39  Gateway  
  42  4:40  Gateway  
  42  4:45  Blink  
  42  4:47  Probe (Chrono Boost)  
  42  4:49  Probe (Chrono Boost)  
  44  4:59  Probe x2 (Chrono Boost)  
  46  5:10  Probe (Chrono Boost)  
  46  5:11  Probe (Chrono Boost)  
  48  5:31  Stalker  
  48  5:32  Stalker x4  
  58  5:44  Assimilator  
  58  5:47  Probe (Chrono Boost)  
  58  5:48  Assimilator  
  60  5:51  Probe (Chrono Boost)  
  54  5:57  Probe (Chrono Boost)  
  54  6:03  Probe (Chrono Boost)  
  56  6:05  Adept  
  56  6:06  Adept x5  
  56  6:07  Adept x2  
  56  6:08  Probe (Chrono Boost)  
  72  6:15  Probe (Chrono Boost)  
  55  6:30  Adept x6  
  55  6:31  Adept x2  
  69  6:46  Nexus  
  69  7:15  Resonating Glaives  
  67  7:35  Pylon  
  67  7:39  Adept x3  
  67  7:40  Adept x2  
  65  8:27  Stalker x3  
  65  8:28  Stalker x4  
  65  8:29  Stalker  
  81  8:39  Pylon  
  81  8:41  Pylon  
  81  8:42  Pylon  
  81  8:44  Pylon  
  81  8:46  Pylon  
  81  8:47  Pylon  
  75  8:49  Pylon, Probe x2 (Chrono Boost)  
  75  8:50  Probe (Chrono Boost)  
  75  8:52  Pylon  
  75  8:54  Pylon  
  68  8:57  Pylon  
  68  8:59  Probe x2 (Chrono Boost)  
  68  9:00  Stalker x2  
  68  9:01  Stalker  
  68  9:02  Probe (Chrono Boost)  
  75  9:10  Probe x2 (Chrono Boost)  
  75  9:14  Probe (Chrono Boost)  
  76  9:20  Probe (Chrono Boost)  
  76  9:21  Probe (Chrono Boost)  
  76  9:22  Stalker x4  
  76  9:23  Stalker  
  88  9:27  Probe (Chrono Boost)  
  90  9:31  Probe (Chrono Boost)  
  90  9:42  Assimilator  
  90  9:44  Probe (Chrono Boost)  
  90  9:45  Probe (Chrono Boost)  
  93  9:46  Probe (Chrono Boost)  
  93  9:47  Assimilator  
  92  9:55  Probe x2 (Chrono Boost)  
  92  9:58  Probe (Chrono Boost)  
  94  10:05  Probe (Chrono Boost)  
  83  10:10  Probe (Chrono Boost)  
  78  10:16  Probe (Chrono Boost)  
  70  10:22  Probe (Chrono Boost)  
  68  10:34  Nexus  
  68  10:36  Zealot x3  
  68  10:37  Zealot x5  
Show
View Real Time Build Order
Export as new Build Order

Rugi Terran - Winner!

Build Orders:  

Get SALT Encoding   

  12  0:00  SCV  
  13  0:12  SCV  
  14  0:17  Supply Depot  
  14  0:25  SCV  
  15  0:39  SCV  
  15  0:40  Barracks  
  16  0:44  Refinery  
  16  0:51  SCV  
  17  1:01  Barracks  
  17  1:03  SCV  
  18  1:13  Refinery  
  18  1:15  SCV  
  19  1:27  SCV  
  19  1:28  Reaper  
  21  1:41  Orbital Command  
  21  1:47  Reaper  
  21  1:54  Supply Depot  
  22  2:00  Reaper  
  24  2:15  SCV  
  24  2:19  Reaper  
  25  2:26  Command Center  
  25  2:29  SCV  
  26  2:33  Reaper  
  27  2:51  Reaper  
  28  3:02  SCV  
  29  3:06  Barracks Reactor  
  28  3:23  Marine  
  29  3:52  Barracks Tech Lab  
  29  3:53  SCV  
  29  3:54  Orbital Command  
  30  3:55  Factory  
  30  4:01  Command Center  
  30  4:03  Marine x2  
  32  4:19  Marine  
  32  4:20  Marine  
  33  4:42  Marine x3  
  33  4:43  SCV  
  33  4:45  Factory Reactor  
  37  4:49  Starport, SCV  
  38  4:56  SCV  
  39  5:01  SCV  
  39  5:17  Marine x3  
  42  5:27  Orbital Command  
  42  5:28  SCV  
  43  5:32  Stimpack  
  40  5:42  Marine x3  
  40  5:43  SCV  
  40  5:44  Orbital Command  
  44  5:55  SCV  
  44  5:56  Engineering Bay  
  45  5:58  SCV  
  45  5:59  Barracks  
  45  6:01  Barracks x2  
  45  6:03  Marine x2, Supply Depot  
  45  6:04  Marauder  
  50  6:05  Medivac x2  
  50  6:08  SCV  
  50  6:09  SCV  
  56  6:15  SCV  
  57  6:21  Marine x2  
  59  6:35  SCV x2  
  61  6:47  SCV  
  61  6:49  Marine x3  
  61  6:51  Barracks Tech Lab x2  
  61  6:52  Barracks Reactor, Orbital Command  
  65  6:54  SCV  
  65  6:55  Medivac  
  65  6:59  SCV  
  68  7:02  Supply Depot  
  68  7:04  Supply Depot  
  68  7:05  Supply Depot  
  68  7:14  Marine  
  69  7:19  Supply Depot, Terran Infantry Weapons Level 1  
  69  7:21  Missile Turret  
  69  7:23  Missile Turret  
  69  7:24  Marauder x2, SCV, Marine, Medivac  
  69  7:25  Marine  
  69  7:28  Marine x2, Medivac  
  82  7:31  Widow Mine  
  82  7:32  Marine  
  85  7:41  Marine  
  85  7:43  Marine  
  87  7:45  Marine x2  
  87  7:46  Marine x2  
  87  8:01  Marine x2  
  87  8:02  Marauder  
  87  8:03  Marine, Medivac x2  
  94  8:09  Marauder, Marine x2  
  95  8:19  Marine x2  
  97  8:21  Marine  
  97  8:23  Marine  
  97  8:26  Marine  
  99  8:37  Marine x2  
  101  8:42  Marine, Medivac x2, Supply Depot  
  101  8:45  Supply Depot  
  101  8:46  Supply Depot  
  103  8:55  Marine  
  103  8:56  Marine x3  
  103  8:59  Engineering Bay  
  103  9:00  Orbital Command, Armory  
  103  9:01  SCV, Missile Turret  
  108  9:03  SCV  
  108  9:06  Missile Turret  
  108  9:07  Refinery x2  
  102  9:32  Marine  
  102  9:33  Marauder x2, Marine x3  
  102  9:34  Marauder  
  112  9:50  Marine x2  
  112  9:51  Marine x2  
  116  9:54  Marine x2  
  116  9:55  Marauder  
  98  10:08  Marine x3  
  98  10:09  Marine  
  98  10:12  Marauder, Marine, Medivac  
  106  10:16  Marauder  
  108  10:25  Widow Mine  
  108  10:26  Marine x4  
  114  10:31  Marauder  
  114  10:33  Marine  
  117  10:37  SCV, Marine  
  117  10:43  Concussive Shells  
  117  10:44  Marine x4  
  121  10:51  Marauder  
  121  10:56  Marine x2  
  123  10:59  Medivac  
  123  11:01  Marine  
  123  11:02  Marine  
Show
View Real Time Build Order
Export as new Build Order

Myran Protoss - Winner!

Build Orders:  

Get SALT Encoding   

  12  0:02  Probe (Chrono Boost)  
  13  0:12  Probe (Chrono Boost)  
  14  0:21  Pylon  
  14  0:24  Probe (Chrono Boost)  
  15  0:39  Probe (Chrono Boost)  
  15  0:41  Forge  
  17  0:50  Probe (Chrono Boost)  
  17  0:54  Pylon  
  17  1:00  Assimilator, Probe (Chrono Boost)  
  18  1:11  Probe (Chrono Boost)  
  19  1:24  Photon Cannon  
  19  1:30  Probe (Chrono Boost)  
  20  1:32  Photon Cannon  
  20  1:38  Gateway  
  20  1:41  Probe (Chrono Boost)  
  21  1:50  Pylon  
  21  1:53  Probe (Chrono Boost)  
  22  2:10  Photon Cannon  
  22  2:11  Probe (Chrono Boost)  
  23  2:21  Probe (Chrono Boost)  
  24  2:29  Zealot  
  26  2:34  Assimilator  
  26  2:36  Probe (Chrono Boost)  
  27  2:46  Probe (Chrono Boost)  
  28  2:56  Zealot  
  30  3:00  Nexus  
  30  3:12  Cybernetics Core  
  30  3:14  Gateway  
  30  3:17  Pylon  
  30  3:23  Probe (Chrono Boost)  
  31  3:36  Pylon  
  31  3:58  Photon Cannon  
  31  4:01  Photon Cannon  
  31  4:02  Probe (Chrono Boost)  
  32  4:04  Warp Gate  
  32  4:07  Stalker  
  32  4:08  Stalker  
  36  4:13  Probe (Chrono Boost)  
  36  4:16  Gateway  
  37  4:22  Pylon  
  37  4:27  Probe (Chrono Boost)  
  38  4:31  Probe (Chrono Boost)  
  38  4:38  Probe (Chrono Boost)  
  40  4:40  Assimilator  
  40  4:42  Probe (Chrono Boost)  
  41  4:48  Probe (Chrono Boost)  
  41  4:52  Assimilator, Probe (Chrono Boost)  
  43  4:56  Zealot  
  43  4:59  Probe (Chrono Boost)  
  46  5:02  Zealot  
  48  5:33  Probe (Chrono Boost)  
  49  5:40  Zealot x2  
  49  5:41  Stalker  
  55  5:44  Probe (Chrono Boost)  
  55  5:45  Probe (Chrono Boost)  
  57  5:54  Probe (Chrono Boost)  
  58  6:01  Probe (Chrono Boost)  
  59  6:05  Probe (Chrono Boost)  
  59  6:09  Stalker  
  62  6:11  Probe (Chrono Boost)  
  62  6:15  Probe (Chrono Boost)  
  64  6:19  Robotics Facility  
  64  6:23  Twilight Council  
  64  6:25  Pylon  
  64  6:29  Stalker x2  
  68  6:39  Pylon  
  68  6:44  Gateway  
  68  6:50  Protoss Ground Weapons Level 1  
  68  6:59  Stalker x3  
  68  7:00  Charge  
  74  7:10  Immortal  
  74  7:14  Nexus  
  78  7:24  Zealot  
  80  7:31  Zealot  
  80  7:34  Zealot  
  84  7:41  Pylon  
  84  7:46  Observer  
  84  7:51  Pylon  
  85  7:53  Pylon  
  85  8:02  Immortal  
  85  8:03  Photon Cannon  
  85  8:06  Photon Cannon  
  85  8:09  Pylon  
  85  8:11  Stalker  
  85  8:12  Stalker x2  
  95  8:13  Zealot  
  97  8:29  Protoss Ground Armor Level 1  
  98  8:34  Probe (Chrono Boost)  
  98  8:37  Immortal  
  98  8:41  Blink  
  98  8:44  Assimilator, Probe (Chrono Boost)  
  103  8:49  Assimilator  
  103  8:51  Pylon  
  103  8:54  Stalker x2  
  103  8:55  Probe (Chrono Boost)  
  108  8:57  Pylon, Zealot  
  110  9:19  Probe (Chrono Boost)  
  111  9:26  Probe (Chrono Boost)  
  111  9:30  Probe (Chrono Boost), Immortal  
  113  9:38  Zealot x2  
  119  9:40  Zealot, Probe (Chrono Boost)  
  124  9:50  Pylon  
  124  9:54  Pylon  
  124  9:56  Zealot  
  124  9:58  Pylon  
  126  10:01  Probe (Chrono Boost)  
  126  10:04  Immortal  
  127  10:11  Probe (Chrono Boost)  
  132  10:38  Stalker  
  132  10:39  Stalker x2  
  132  10:40  Zealot  
  140  11:24  Zealot x2  
  140  11:25  Zealot x2  
Show
View Real Time Build Order
Export as new Build Order

dallaskuken Protoss - Winner!

Build Orders: 1 Gate Expand 

Get SALT Encoding   

  12  0:01  Probe (Chrono Boost)  
  13  0:12  Probe (Chrono Boost)  
  14  0:26  Pylon  
  14  0:29  Probe (Chrono Boost)  
  15  0:45  Gateway  
  15  0:49  Probe (Chrono Boost)  
  16  0:52  Assimilator  
  16  0:59  Probe (Chrono Boost)  
  17  1:10  Probe (Chrono Boost)  
  18  1:20  Probe (Chrono Boost)  
  19  1:36  Cybernetics Core  
  19  1:39  Nexus  
  19  1:42  Probe (Chrono Boost)  
  20  1:51  Zealot  
  20  1:53  Probe (Chrono Boost)  
  23  2:03  Warp Gate  
  23  2:08  Pylon  
  23  2:20  Pylon  
  23  2:33  Assimilator  
  23  2:38  Probe (Chrono Boost)  
  24  2:49  Probe (Chrono Boost)  
  25  3:01  Probe (Chrono Boost)  
  25  3:10  Stalker  
  28  3:13  Probe (Chrono Boost)  
  28  3:19  Probe (Chrono Boost)  
  29  3:20  Forge  
  29  3:30  Probe (Chrono Boost)  
  30  3:40  Probe (Chrono Boost)  
  31  3:44  Pylon  
  31  3:51  Probe (Chrono Boost)  
  31  3:53  Assimilator  
  32  3:58  Photon Cannon  
  32  4:01  Probe (Chrono Boost)  
  33  4:05  Probe (Chrono Boost)  
  34  4:12  Probe (Chrono Boost)  
  36  4:17  Photon Cannon, Probe (Chrono Boost)  
  36  4:18  Photon Cannon  
  36  4:22  Probe (Chrono Boost)  
  37  4:29  Stargate, Probe (Chrono Boost)  
  38  4:33  Probe (Chrono Boost)  
  38  4:34  Assimilator  
  39  4:41  Probe (Chrono Boost)  
  39  4:43  Probe (Chrono Boost)  
  41  4:49  Pylon  
  42  4:53  Probe (Chrono Boost)  
  42  4:54  Probe (Chrono Boost)  
  43  5:02  Pylon  
  43  5:04  Probe (Chrono Boost)  
  43  5:06  Probe (Chrono Boost)  
  45  5:15  Probe (Chrono Boost)  
  45  5:18  Probe (Chrono Boost)  
  47  5:25  Probe (Chrono Boost)  
  47  5:27  Fleet Beacon  
  48  5:33  Stargate  
  48  5:34  Stargate  
  48  5:35  Stargate  
  48  5:36  Probe (Chrono Boost)  
  48  5:38  Void Ray  
  53  5:46  Probe (Chrono Boost)  
  54  5:57  Probe (Chrono Boost)  
  54  6:04  Nexus  
  55  6:05  Pylon  
  55  6:07  Pylon  
  55  6:18  Carrier x2  
  67  6:27  Assimilator  
  67  6:32  Assimilator  
  67  6:34  Photon Cannon  
  67  6:41  Probe (Chrono Boost)  
  69  6:48  Probe (Chrono Boost)  
  69  6:52  Probe (Chrono Boost)  
  70  6:56  Pylon  
  70  7:00  Probe (Chrono Boost)  
  70  7:01  Pylon  
  71  7:03  Probe (Chrono Boost)  
  71  7:07  Carrier, Photon Cannon  
  78  7:12  Probe (Chrono Boost)  
  78  7:13  Probe (Chrono Boost)  
  80  7:17  Probe (Chrono Boost)  
  81  7:23  Carrier  
  81  7:24  Probe x2 (Chrono Boost)  
  81  7:28  Probe (Chrono Boost)  
  90  7:36  Probe (Chrono Boost)  
  91  7:37  Protoss Air Weapons Level 1  
  91  7:38  Probe (Chrono Boost)  
  92  7:46  Carrier  
  92  7:47  Carrier  
  92  7:49  Probe (Chrono Boost)  
  105  7:59  Probe (Chrono Boost)  
  102  8:37  Pylon  
  102  8:38  Pylon  
  102  8:40  Pylon x2  
  102  8:41  Pylon  
  102  8:52  Carrier  
  102  8:57  Probe (Chrono Boost)  
  109  9:05  Carrier  
  109  9:06  Pylon  
  109  9:07  Pylon, Probe (Chrono Boost)  
  109  9:09  Pylon  
  110  9:11  Pylon  
  116  9:18  Probe (Chrono Boost)  
  116  9:23  Twilight Council  
  117  9:28  Probe (Chrono Boost)  
  117  9:29  Protoss Air Armor Level 1  
  117  9:30  Mothership Core (Chrono Boost)  
  120  9:42  Carrier x2  
  138  10:16  Cybernetics Core  
  144  10:27  Graviton Catapult  
  144  10:29  Pylon  
Tags
 
Add a new tag
Caveats
  • Supply blocks, unpowered buildings, or Contaminate may cause inaccurate times.
  • Supply counts are checked every 10 seconds.